 Dungeon Crawl Stone Soup version 0.17-a0-1850-g688e747 (webtiles) character file.

1187 derrpe the Quickloader (level 8, -7/54 HPs)
             Began as a Formicid Arcane Marksman on Sept 18, 2015.
             Was a Believer of Cheibriados.
             Mangled by an ogre
             ... wielding a +0 giant spiked club
              (22 damage)
             ... on level 5 of the Dungeon.
             The game lasted 00:16:43 (6141 turns).

derrpe the Quickloader (Formicid Arcane Marksman)   Turns: 6141, Time: 00:16:44

Health: -7/54      AC: 10    Str: 22      XL:     8   Next: 70%
Magic:  9/9        EV: 10    Int: 18 (23) God:    Cheibriados [**....]
Gold:   316        SH:  0    Dex: 14      Spells: 2 memorised, 5 levels left

rFire  . . .     SeeInvis +     b - +4 dagger (drain)
rCold  . . .     Clarity  .     m - +3 scale mail
rNeg   . . .     SustAt   .     (no shield)
rPois  .         Gourm    .     (helmet unavailable)
rElec  .         Spirit   .     B - +0 cloak
rCorr  .         Warding  .     (no gloves)
rMut   +         Stasis   +     (no boots)
MR     +....                    p - amulet of resist mutation
Stlth  ..........               (no ring)
                                D - ring "Akolelau" {MR+ Int+6 Slay+3}

@: very slow, somewhat resistant to hostile enchantments, extremely unstealthy
A: permanent stasis, dig shafts and tunnels, four strong arms, antennae 3
a: Dig, Shaft Self, Bend Time, Renounce Religion


You were on level 5 of the Dungeon.
You worshipped Cheibriados.
Cheibriados was pleased with you.
You were very hungry.

You visited 1 branch of the dungeon, and saw 6 of its levels.

You collected 316 gold pieces.

Inventory:

Hand weapons
 a - a +1 hand crossbow
 b - a +4 dagger of draining (weapon)
Missiles
 j - 9 bolts
Armour
 m - a +3 scale mail (worn)
 B - a +0 cloak (worn)
Jewellery
 p - an amulet of resist mutation (around neck)
 D - the ring "Akolelau" (left hand) {MR+ Int+6 Slay+3}
   (You found it on level 4 of the Dungeon)

   [ring of intelligence]

   It affects your intelligence (+6).
   It affects your accuracy and damage with ranged weapons and melee attacks
   (+3).
   It affects your resistance to hostile enchantments.
 I - an uncursed ring of fire {unknown}
 K - an uncursed ring of sustain attributes {unknown}
Magical devices
 o - a wand of digging (9)
Scrolls
 c - a scroll of enchant weapon
 f - 3 scrolls of remove curse
 k - 2 scrolls of immolation
 l - 4 scrolls of identify
 n - 2 scrolls of magic mapping {unknown}
 q - a scroll of fog {unknown}
 u - 3 scrolls of teleportation {unknown}
 v - 2 scrolls of fear {unknown}
 y - 3 scrolls of noise {unknown}
 A - a scroll of amnesia {unknown}
 C - 2 scrolls of recharging {unknown}
 G - a scroll of enchant armour {unknown}
 J - 2 scrolls of random uselessness {unknown}
Potions
 h - 2 potions of agility {unknown}
 i - 4 potions of curing
 r - a potion of haste {unknown}
 s - a potion of brilliance {unknown}
 x - a potion of degeneration {unknown}
 F - a potion of mutation {unknown}
 L - a potion of resistance {unknown}
Books
 d - a book of Debilitation

   Spells                             Type                      Level
   a - Corona                         Hexes                        1
   b - Slow                           Hexes                        2
   c - Gell's Gravitas                Hexes/Translocation          3
   d - Inner Flame                    Hexes/Fire                   3
   e - Cause Fear                     Hexes                        4
   f - Leda's Liquefaction            Hexes/Earth                  4
Comestibles
 e - 7 bread rations
 g - 6 meat rations
 t - 6 fruits
 w - 3 beef jerkies
 z - a royal jelly
 E - a slice of pizza


   Skills:
 - Level 1.1 Fighting
 + Level 9.8 Crossbows
 - Level 1.7 Dodging
 - Level 1.1 Spellcasting
 - Level 3.6 Hexes
 + Level 2.1 Invocations


You had 5 spell levels left.
You knew the following spells:

 Your Spells              Type           Power        Failure   Level  Hunger
a - Corona                Hex            ##.....      14%         1    ##.....
b - Gell's Gravitas       Hex/Tloc       #.........   80%         3    ####...


Dungeon Overview and Level Annotations

Branches:
Dungeon (6/15)
 Temple: D:4-7

Altars:
Ashenzari
Cheibriados
Dithmenos
Elyvilon
Makhleb
Okawaru
Ru
Sif Muna
Vehumet
Xom
The Shining One

Annotations:
D:6 Prince Ribbit


Innate Abilities, Weirdness & Mutations

You are under a permanent stasis effect.
You can dig through walls and to a lower floor.
Your four strong arms can wield two-handed weapons with a shield.
You have a pair of large antennae on your head (SInv).


Message History

An ogre comes into view. It is wielding a giant spiked club.
The ogre shouts!
You are feeling very hungry.
The ogre hits you with a giant spiked club.
You hit the ogre.
The ogre is lightly wounded.
The ogre hits you with a giant spiked club!
You hit the ogre.
The ogre is moderately wounded.
The ogre hits you but does no damage.
You barely miss the ogre.
The ogre is moderately wounded.
You hit the ogre.
The ogre is heavily wounded.
The ogre hits you with a giant spiked club!!
* * * LOW HITPOINT WARNING * * *
Your scale mail prevents you from hitting the ogre.
The ogre is heavily wounded.
The ogre hits you with a giant spiked club!!
You die...

##.###.####..........#######.
#..#.#####.###.###.## #.
#.#.#..........# #.# #.
#.#.#.####.###.###.# #.
#####.#.#.# #.#
#<)...########. #.....#.#.#
#.# #.#.#..........
#.#####.#.# #.#
#.#.#####.##### #.#
#.#.####.###....# #.# #
#.#####.......O@...#..# #.# #
#.#...........>###....# #.# #
#.#<#####.###### #..#.# #>#
## #.#.# #.# #..#.# #.# #.
#.#.# #.# #..#.# #.# #. #.#.#
#.# #..#.####.# #. #.#.#
#.########....).##.# #.
#.#.## ##.##3#......#......#
#.
#(...###.##############.####
#.


You could see an ogre.

Vanquished Creatures
  Menkaure (D:5)
  A sky beast (D:5)
  5 ogres
  2 crimson imps
  A centaur skeleton (D:4)
  Crazy Yiuf (D:5)
  3 orc priests (D:5)
  A giant frog skeleton (D:4)
  An iguana (D:4)
  3 worker ants
  4 gnolls
  7 adders
  2 oozes
  An adder zombie (D:5)
  An adder skeleton (D:4)
  4 worms
  3 giant geckos
  11 orcs
  A giant cockroach (D:1)
  9 goblins
  7 hobgoblins
  21 jackals
  4 kobolds
  6 quokkas
  8 bats
  7 giant newts
  A quokka skeleton (D:5)
  9 rats
  A fungus (D:5)
126 creatures vanquished.

Notes
Turn   | Place    | Note
--------------------------------------------------------------
     0 | D:1      | derrpe the Formicid Arcane Marksman began the quest for the Orb.
     0 | D:1      | Reached XP level 1. HP: 15/15 MP: 2/2
   184 | D:1      | Reached XP level 2. HP: 14/21 MP: 3/3
   780 | D:1      | Reached XP level 3. HP: 22/26 MP: 4/4
   801 | D:1      | Learned a level 3 spell: Gell's Gravitas
  1673 | D:2      | Found a faded altar to an unknown god.
  1850 | D:2      | Became a worshipper of Sif Muna the Loreminder
  1850 | D:2      | Acquired Sif Muna's first power
  1882 | D:2      | Fell from the grace of Sif Muna
  1967 | D:2      | Reached XP level 4. HP: 29/32 MP: 5/5
  1982 | D:2      | Reached skill level 4 in Crossbows
  2355 | D:2      | Found a shadowy altar of Dithmenos.
  2356 | D:2      | Found a shattered altar of Ashenzari.
  2448 | D:3      | Found a shimmering altar of Xom.
  3020 | D:3      | Reached XP level 5. HP: 33/37 MP: 6/6
  3177 | D:3      | Reached skill level 5 in Crossbows
  3730 | D:4      | Noticed an ogre
  3816 | D:3      | Reached XP level 6. HP: 43/43 MP: 7/7
  4001 | D:4      | Killed an ogre
  4001 | D:4      | Reached skill level 6 in Crossbows
  4249 | D:4      | Found a snail-covered altar of Cheibriados.
  4269 | D:4      | Got a slimy granite ring
  4270 | D:4      | Identified the ring "Akolelau" {MR+ Int+6 Slay+3} (You found it on level 4 of the Dungeon)
  4370 | D:4      | Became a worshipper of Cheibriados the Contemplative
  4722 | D:4      | Noticed an ogre
  4732 | D:4      | Killed an ogre
  4732 | D:4      | Reached skill level 7 in Crossbows
  4732 | D:4      | Reached XP level 7. HP: 31/48 MP: 8/8
  4937 | D:4      | Acquired Cheibriados's first power
  4977 | D:5      | Entered Level 5 of the Dungeon
  5043 | D:5      | Reached skill level 8 in Crossbows
  5415 | D:5      | Noticed Menkaure
  5422 | D:5      | Killed Menkaure
  5422 | D:5      | Reached XP level 8. HP: 43/54 MP: 7/9
  5565 | D:5      | Reached skill level 9 in Crossbows
  5594 | D:5      | Found a glowing golden altar of the Shining One.
  5595 | D:5      | Found a radiant altar of Vehumet.
  5595 | D:5      | Found an iron altar of Okawaru.
  5595 | D:5      | Found a white marble altar of Elyvilon.
  5840 | D:5      | Reached skill level 1 in Invocations
  5916 | D:5      | Found a burning altar of Makhleb.
  5916 | D:5      | Noticed a balrug
  5919 | D:5      | Noticed a neqoxec
  5919 | D:5      | Noticed a neqoxec
  5958 | D:5      | Found a sacrificial altar of Ru.
  5960 | D:5      | Found a burning altar of Makhleb.
  6069 | D:5      | Noticed Crazy Yiuf
  6076 | D:5      | Killed Crazy Yiuf
  6115 | D:6      | Noticed Prince Ribbit
  6141 | D:5      | Mangled by an ogre

Vault maps used:
D:1:      denvon_arrival_hothouse
D:2:      minitemple, ecumenical_altar_1
D:3:      lemuel_crystal_altar, first_bread
D:4:      lemuel_round_altar, minivault_11, columned_hall_lemuel
D:5:      grunt_temple_overflow_open, amethyst_overflow_temple_binary,
          makhleb_altar_promises_db, uniq_menkaure, uniq_crazy_yiuf_cottage
D:6:      basic_altar, serial_shops, nicolae_shop_trees, uniq_prince_ribbit1

Action                   |  1- 3 |  4- 6 |  7- 9 || total
-------------------------+-------+-------+-------++-------
Melee: Club              |    64 |       |       ||    64
       Dagger            |    70 |   101 |   131 ||   302
       Mace              |    12 |       |       ||    12
       Short sword       |       |   122 |       ||   122
 Fire: Hand crossbow     |    18 |    56 |    20 ||    94
 Cast: Corona            |     5 |       |       ||     5
Invok: Renounce Religion |     1 |       |       ||     1
  Use: Scroll            |     1 |     3 |       ||     4
  Eat: Chunk             |     4 |     7 |     2 ||    13
       Pizza             |       |     1 |       ||     1
